 Dungeon Crawl Stone Soup version 0.27-a0-216-g1fbed8a51c (webtiles) character file.

Game seed: 15974994730342274707

513 knot the Chopper (level 7, 46/52 HPs)
             Began as a Demonspawn Berserker on Jan 31, 2021.
             Was a Believer of Trog.
             Quit the game on level 4 of the Dungeon.
             The game lasted 00:05:19 (3605 turns).

knot the Chopper (Demonspawn Berserker)             Turns: 3605, Time: 00:05:20

Health: 46/52      AC:  8    Str: 17    XL:     7   Next: 0%
Magic:  7/7        EV: 10    Int: 11    God:    Trog [**....]
Gold:   263        SH:  0    Dex: 12    Spells: 6/6 levels left

rFire    . . .     SeeInvis .   g - -1 hand axe (curse)
rCold    . . .     Faith    +   (no shield)
rNeg     . . .     Spirit   .   t - +0 scale mail
rPois    .         Reflect  .   (helmet restricted)
rElec    .         Harm     .   s - +0 cloak
rCorr    .         Rampage  .   i - +0 pair of gloves
Will     .....                  (no boots)
Stlth    ..........             k - amulet of faith
HPRegen  0.17/turn              (no ring)
MPRegen  0.20/turn              (no ring)

@: no status effects
A: horns 1, magic regeneration, demonic magic 1
a: Renounce Religion, Berserk, Trog's Hand


You were on level 4 of the Dungeon.
You worshipped Trog.
Trog was pleased with you.
You visited 1 branch of the dungeon, and saw 4 of its levels.

You collected 263 gold pieces.

Inventory:

Hand Weapons
 a - a +0 hand axe
 g - a cursed -1 hand axe (weapon)
Missiles
 e - 171 stones (quivered)
 h - 46 sling bullets
Armour
 i - a +0 pair of gloves (worn)
 s - a +0 cloak (worn)
 t - a +0 scale mail (worn)
Jewellery
 f - an uncursed amulet of magic regeneration
 k - an amulet of faith (around neck)
 o - an uncursed amulet of the acrobat {unknown}
Wands
 b - a wand of acid (9)
Scrolls
 d - 4 scrolls of identify
 l - a scroll of teleportation
 n - a scroll of remove curse {unknown}
 r - a scroll of magic mapping
Potions
 c - a potion of haste
 j - a potion of heal wounds
 m - a potion of curing {unknown}
 p - a potion of brilliance {unknown}


   Skills:
 - Level 3.0 Fighting
 * Level 7.2 Axes
 * Level 0.7 Throwing
 - Level 1.7 Armour
 - Level 1.7 Dodging


You had 6 spell levels left.
You didn't know any spells.
Your spell library was empty.

Dungeon Overview and Level Annotations

Branches:
Dungeon (4/15)
 Temple: D:4-7

Altars:
Nemelex Xobeh
Qazlal
Zin

Shops:
D:3 *


Innate Abilities, Weirdness & Mutations

You have a pair of small horns on your head.
You regenerate magic rapidly.
Spells you cast may paralyse adjacent enemies.


Message History

You closely miss the worker ant. You headbutt the worker ant.
The worker ant is lightly wounded.
The worker ant misses you.
You hit the worker ant. Your headbutt misses the worker ant.
The worker ant is moderately wounded.
The worker ant bites you.
You closely miss the worker ant.
The worker ant is moderately wounded.
The worker ant bites you. The worker ant barely misses you.
You hit the worker ant.
You headbutt the worker ant, but do no damage.
The worker ant is heavily wounded.
The worker ant completely misses you.
You slash the worker ant! You headbutt the worker ant.
You kill the worker ant!
Trog accepts your kill.
You have reached level 7!
Your demonic ancestry asserts itself...
A menacing aura infuses your magic.
Are you sure you want to abandon this character and quit the game? (Confirm with "yes".)

#######..##
##..## ##..##
##..## ##..# .
##.# ... #.#
..(..###.######
.
(.((..>@......#
######...####...
##..# ##.. ##
#[#. .) #.##.
#.# .. ## .< ..
#. ...


There were no monsters in sight!

Vanquished Creatures
  Grinder (D:3)
  Crazy Yiuf (D:3)
  A hound (D:4)
  Jessica (D:3)
  An orc wizard (D:2)
  2 worker ants (D:4)
  Natasha (D:4)
  3 adders (D:3)
  An ooze (D:1)
  A worm (D:3)
  2 leopard geckos
  3 orcs
  10 bats
  8 giant cockroaches
  6 goblins
  5 hobgoblins
  5 jackals
  2 quokkas
  A ball python (D:3)
  2 frilled lizards
  3 kobolds
  10 rats
70 creatures vanquished.

Vanquished Creatures (others)
  An orc priest (D:2)
1 creature vanquished.

Grand Total: 71 creatures vanquished

Notes
Turn   | Place    | Note
-------+----------+-------------------------------------------
     0 | D:1      | knot the Demonspawn Berserker began the quest for the Orb.
     0 | D:1      | Reached XP level 1. HP: 18/18 MP: 1/1
    91 | D:1      | Reached skill level 3 in Axes
   187 | D:1      | Gained mutation: You regenerate magic rapidly. [demonic
                  | ancestry]
   187 | D:1      | Reached XP level 2. HP: 16/24 MP: 2/2
   455 | D:1      | Reached ** piety under Trog
   916 | D:2      | Reached XP level 3. HP: 21/29 MP: 3/3
  1215 | D:2      | Reached skill level 4 in Axes
  1256 | D:2      | Found a sparkling altar of Nemelex Xobeh.
  1621 | D:3      | Noticed Grinder
  1627 | D:2      | Reached XP level 4. HP: 29/35 MP: 4/4
  1938 | D:3      | Noticed Jessica
  1949 | D:3      | Killed Jessica
  1950 | D:3      | Reached skill level 5 in Axes
  2109 | D:3      | Reached XP level 5. HP: 38/41 MP: 5/5
  2151 | D:3      | Killed Grinder
  2152 | D:3      | Reached skill level 6 in Axes
  2152 | D:3      | Gained mutation: You have a pair of small horns on your
                  | head. [demonic ancestry]
  2152 | D:3      | Reached XP level 6. HP: 35/47 MP: 6/6
  2404 | D:3      | Found a stormy altar of Qazlal.
  2456 | D:3      | Found a runed translucent door.
  2457 | D:3      | Noticed Crazy Yiuf
  2467 | D:3      | Killed Crazy Yiuf
  2824 | D:3      | Found Zin's Purification Station.
  2829 | D:3      | Found a glowing silver altar of Zin.
  3429 | D:4      | Noticed Natasha
  3436 | D:4      | Killed Natasha
  3437 | D:4      | Reached skill level 7 in Axes
  3605 | D:4      | Gained mutation: Spells you cast may paralyse adjacent
                  | enemies. [demonic ancestry]
  3605 | D:4      | Reached XP level 7. HP: 46/52 MP: 7/7
  3605 | D:4      | Quit the game

Illustrated notes

Levels and vault maps discovered:
D:1:      kennysheep_arrival_forest, layout_basic, minmay_tromino_i2
D:2:      layout_basic, nemelex_altar_shiori, supply_closet_lemuel
D:3:      layout_basic, zin_purify, nicolae_qazlal_general_emergency,
          uniq_jessica, uniq_grinder, uniq_crazy_yiuf_cottage
D:4:      layout_rooms, nicolae_gozag_cash_rules_everything_around_me,
          uniq_natasha

Skill      XL: |  1  2  3  4  5  6 |
---------------+-------------------+-----
Axes           | 3 4 5 6 7 |  7.2
Fighting       | |  3.0
Throwing       | |  0.7
Armour         | |  1.7
Dodging        | |  1.7

Action                   |  1- 3 |  4- 6 |  7- 9 || total
-------------------------+-------+-------+-------++-------
Melee: Hand axe          |   112 |   132 |       ||   244
       Headbutt          |       |    11 |       ||    11
Throw: Stone             |       |     5 |       ||     5
       Dart              |       |     6 |       ||     6
Invok: Berserk           |     2 |     4 |       ||     6
       Trog's Hand       |     1 |     4 |       ||     5
  Use: Scroll            |     3 |     1 |       ||     4
       Potion            |       |     4 |       ||     4
 Stab: Sleeping          |     2 |       |       ||     2
Armor: Animal skin       |    28 |    28 |       ||    56
       Scale mail        |       |    11 |       ||    11
Dodge: Dodged            |    81 |    63 |       ||   144

Table legend: (Time is in decaauts)
 A = Elapsed time spent in this place.
 B = Non-inter-level travel time spent in this place.
 C = Inter-level travel time spent in this place.
 D = Time resting spent in this place.
 E = Time spent auto-exploring this place.
 F = Levels seen in this place.
 G = Mean time per level.
                   A        B        C        D        E       F      G
               +--------+--------+--------+--------+--------+-----+--------+
         Total |   3654 |   3355 |    299 |    629 |   2156 |   4 |  913.5 |
       Dungeon |   3654 |   3355 |    299 |    629 |   2156 |   4 |  913.5 |
               +--------+--------+--------+--------+--------+-----+--------+

Top non-repeatable levels by time:
     D:2: 1446 daAuts
     D:3: 1243 daAuts
     D:1: 809 daAuts
     D:4: 154 daAuts
